NULL
Full Scoreboard »»

Red Wings vs Islanders

Created - April 24, 2024 at 22:58

Goals
1 2 3 OT1 T
Red Wings 0 0 2 0 2
Islanders 1 1 0 1 3
Shots
1 2 3 OT1 T
Red Wings 7 14 12 0 33
Islanders 8 16 12 2 38

GoalsPenalties
1st period
1. Islanders , Anders Lee 17 (Brock Nelson 34, Artturi Lehkonen 26) at 3:14
David Perron (NYI) for Fighting (Major) at 14:10
Travis Hamonic (DET) for Fighting (Major) at 14:10
Mario Ferraro (DET) for Holding (Minor) at 15:42
2nd period
2. Islanders , David Perron 21 (Patrik Nemeth 6, Boone Jenner 18) at 1:59
Matt Benning (DET) for Tripping (Minor) at 6:04
Travis Hamonic (DET) for High sticking (Minor) at 15:07
Ryan Johansen (DET) for Hooking (Minor) at 18:08
3rd period
3. Red Wings , Torey Krug 7 (Drake Batherson 33, Brayden Point 49) at 9:08 (PP)
4. Red Wings , Ilya Mikheyev 18 (Ryan Johansen 30) at 11:07
Travis Hamonic (DET) for Tripping (Minor) at 1:27
Brady Skjei (NYI) for Holding Stick (Minor) at 9:02
Travis Hamonic (DET) for Holding (Minor) at 19:19
Overtime #1
5. Islanders , Artturi Lehkonen 25 (Boone Jenner 19) at 1:58
No Penalty
Goalie Stats
John Gibson (DET), 35 saves from 38 shots - (0.921), OTL, 30-12-7, 61:58 minutes
Karel Vejmelka (NYI), 31 saves from 33 shots - (0.939), W, 28-24-2, 61:58 minutes
3 StarsOfficial
1 - Artturi Lehkonen (NYI)
2 - Boone Jenner (NYI)
3 - Anders Lee (NYI)
Referees : Unknown
Linesman : Unknown
Game Note
David Perron and Travis Hamonic fight to a draw at 14:10 of 1st period
4:59 of 3rd period - Red Wings goal is going for a video replay. After video review, No Goal. The goalkeeper has been pushed into the net together with the puck after making a save.



Team Name Goals Shots Shots Attemp Shots Blocked PIM HIT PP PK FO%
Red Wings 233681917261 / 1 (100%)048%
Islanders 33880147240 / 6 (0%)152%

Red Wings
Player Name POS G A P +/- PIM HIT SHT SB MP PP MP PP SHT PK MP PK SHT FO% FOT GA TA
Artem ZubD000-1022321:200:0005:3900% 010
Brayden PointC/RW011-2013221:170:0606:18058% 1921
Charlie McAvoyD000-1031126:050:0606:0510% 001
Daniel SprongLW/RW0000005013:250:0000:0000% 020
Drake BathersonC/LW/RW011-1021119:140:0605:13138% 1300
Ilya MikheyevLW/RW1010003113:140:0000:000100% 110
Jordan GreenwayLW/RW000001008:080:0000:0000% 000
Kevin HayesC/LW/RW0000022118:450:0005:13042% 1200
Logan CoutureC/LW000-1011020:050:0605:450100% 100
Luke EvangelistaRW0000012013:250:0000:000100% 100
Mario FerraroD000-1201120:360:0004:3710% 000
Matt BenningD0000242215:570:0001:1200% 000
Nicolas RoyC/RW0000041013:250:0000:00042% 1201
Philip TomasinoLW/RW000000018:080:0000:0000% 000
Ryan JohansenC/RW0110212013:260:0000:0000% 000
Samuel HonzekC/LW000000208:080:0000:0000% 100
Torey KrugD101-1024425:480:0616:1510% 000
Travis HamonicD000-11121215:250:0000:0000% 001
Islanders
Player Name POS G A P +/- PIM HIT SHT SB MP PP MP PP SHT PK MP PK SHT FO% FOT GA TA
Adam FantilliC/LW/RW0000011013:570:0000:06050% 210
Anders LeeLW/RW1011026018:355:0910:0000% 000
Artturi LehkonenLW/RW1122036020:085:0910:0000% 201
Barrett HaytonC000003308:190:0000:00033% 300
Boone JennerC/LW/RW0221022120:555:2600:00060% 2000
Bowen ByramD0000005223:265:1510:0000% 001
Brady SkjeiD0000241223:255:1500:0000% 000
Brock NelsonC/LW/RW0111030018:305:0900:00063% 1601
Chandler StephensonC/LW0000002015:040:4600:06050% 1200
David PerronLW/RW1010504117:454:2510:0000% 200
Dysin MayoD0000020114:270:0000:0000% 000
Kyle CapobiancoD0000000214:270:0000:0000% 001
Kyle OkposoLW/RW000000008:160:0000:0000% 000
Martin FehervaryD0002030224:055:2000:0600% 000
Nick BoninoC/LW/RW000000018:160:0000:0000% 000
Nick SchmaltzLW/RW0000005114:270:1500:00050% 211
Patrik NemethD0112002124:055:2000:0600% 001
Valeri NichushkinLW/RW0000011019:375:2600:0000% 120

Red Wings

5 vs 5 Forward
Line #Left WingCenterRight WingPHYDFOFWanted %Time %Time Play
1Logan CoutureBrayden PointDrake Batherson1223029%14:14
2Ilya MikheyevKevin HayesRyan Johansen1223027%13:32
3Daniel SprongNicolas RoyLuke Evangelista1223027%13:25
4Philip TomasinoSamuel HonzekJordan Greenway1221016%8:08
5 vs 5 Defense
Line #DefenseDefensePHYDFOFWanted %Time %Time Play
1Charlie McAvoyTorey Krug1223031%15:25
2Mario FerraroArtem Zub1223031%15:23
3Travis HamonicMatt Benning1223031%15:09
4Charlie McAvoyTorey Krug122107%3:22
Power Play Forward
Line #Left WingCenterRight WingPHYDFOFWanted %Time %Time Play
1Logan CoutureBrayden PointDrake Batherson12250100%0:06
2Ilya MikheyevKevin HayesRyan Johansen122500%0:00
Power Play Defense
Line #DefenseDefensePHYDFOFWanted %Time %Time Play
1Charlie McAvoyTorey Krug12250100%0:06
2Mario FerraroArtem Zub122500%0:00
Penalty Kill 4 Players Forward
Line #CenterWingPHYDFOFWanted %Time %Time Play
1Brayden PointLogan Couture1225051%5:22
2Drake BathersonKevin Hayes1225049%5:13
Penalty Kill 4 Players Defense
Line #DefenseDefensePHYDFOFWanted %Time %Time Play
1Charlie McAvoyTorey Krug1225050%5:20
2Mario FerraroArtem Zub1225050%5:15
Penalty Kill 3 Players
Line #WingPHYDFOFWanted %Time %Time PlayDefenseDefensePHYDFOFWanted %Time %Time Play
1Brayden Point1225071%0:56 Charlie McAvoyTorey Krug1225039%0:31
2Logan Couture1225029%0:23 Mario FerraroArtem Zub1225061%0:48
4 vs 4 Forward
Line #CenterWingPHYDFOFWanted %Time %Time Play
1Brayden PointLogan Couture122500%0:00
2Drake BathersonKevin Hayes122500%0:00
4 vs 4 Defense
Line #DefensePHYDFOFWanted %Time %Time Play
1Charlie McAvoyTorey Krug122500%0:00
2Mario FerraroArtem Zub122500%0:00
Last Minutes Offensive
Left WingCenterRight WingDefenseDefense
Logan CoutureBrayden PointDrake BathersonCharlie McAvoyTorey Krug
Last Minutes Defensive
Left WingCenterRight WingDefenseDefense
Logan CoutureBrayden PointDrake BathersonCharlie McAvoyTorey Krug
Time
Total ForwardTotal DefenseLast Minutes OffensiveLast Minutes Defensive
61:19 61:19 0:000:00
Extra Forwards
Normal PowerPlayPenalty Kill
Nicolas Roy, Daniel Sprong, Luke EvangelistaNicolas Roy, Daniel SprongLuke Evangelista
Extra Defensemen
Normal PowerPlayPenalty Kill
Travis Hamonic, Matt Benning, Mario FerraroTravis Hamonic, Matt BenningMario Ferraro
Penalty Shots
Brayden Point, Logan Couture, Drake Batherson, Kevin Hayes, Ryan Johansen
Goalie
John Gibson, Casey Desmith
Custom OT Lines Forwards
Brayden Point, Logan Couture, Drake Batherson, Kevin Hayes, Ryan Johansen, Nicolas Roy, Ilya Mikheyev, Daniel Sprong, Luke Evangelista, Samuel Honzek
Custom OT Lines Defensemen
Charlie McAvoy, Torey Krug, Mario Ferraro, Artem Zub, Travis Hamonic
Scratches
Jack Drury (Healthy), Jake Muzzin (Healthy), Arseni Sergeev (Healthy)

Islanders

5 vs 5 Forward
Line #Left WingCenterRight WingPHYDFOFWanted %Time %Time Play
1Valeri NichushkinBoone JennerDavid Perron1223028%13:51
2Artturi LehkonenBrock NelsonAnders Lee1223027%13:21
3Nick SchmaltzChandler StephensonAdam Fantilli1223028%13:51
4Kyle OkposoBarrett HaytonNick Bonino1221017%8:16
5 vs 5 Defense
Line #DefenseDefensePHYDFOFWanted %Time %Time Play
1Brady SkjeiBowen Byram1223535%17:09
2Martin FehervaryPatrik Nemeth1223535%17:05
3Dysin MayoKyle Capobianco1223029%14:27
4Brady SkjeiBowen Byram12201%0:38
Power Play Forward
Line #Left WingCenterRight WingPHYDFOFWanted %Time %Time Play
1Valeri NichushkinBoone JennerDavid Perron1225051%5:26
2Artturi LehkonenBrock NelsonAnders Lee1225049%5:09
Power Play Defense
Line #DefenseDefensePHYDFOFWanted %Time %Time Play
1Brady SkjeiBowen Byram1225050%5:15
2Martin FehervaryPatrik Nemeth1225050%5:20
Penalty Kill 4 Players Forward
Line #CenterWingPHYDFOFWanted %Time %Time Play
1Chandler StephensonAdam Fantilli12250100%0:06
2Barrett HaytonNick Schmaltz122500%0:00
Penalty Kill 4 Players Defense
Line #DefenseDefensePHYDFOFWanted %Time %Time Play
1Martin FehervaryPatrik Nemeth12250100%0:06
2Brady SkjeiBowen Byram122500%0:00
Penalty Kill 3 Players
Line #WingPHYDFOFWanted %Time %Time PlayDefenseDefensePHYDFOFWanted %Time %Time Play
1Valeri Nichushkin122500%0:00 Brady SkjeiBowen Byram122500%0:00
2David Perron122500%0:00 Martin FehervaryPatrik Nemeth122500%0:00
4 vs 4 Forward
Line #CenterWingPHYDFOFWanted %Time %Time Play
1Valeri NichushkinDavid Perron1225025%0:20
2Artturi LehkonenBoone Jenner1225075%0:59
4 vs 4 Defense
Line #DefensePHYDFOFWanted %Time %Time Play
1Brady SkjeiBowen Byram1225030%50% - 0:24
2Martin FehervaryPatrik Nemeth1225070%50% - 0:55
Last Minutes Offensive
Left WingCenterRight WingDefenseDefense
Valeri NichushkinBoone JennerDavid PerronBrady SkjeiBowen Byram
Last Minutes Defensive
Left WingCenterRight WingDefenseDefense
Valeri NichushkinBoone JennerDavid PerronBrady SkjeiBowen Byram
Time
Total ForwardTotal DefenseLast Minutes OffensiveLast Minutes Defensive
61:19 61:19 0:000:00
Extra Forwards
Normal PowerPlayPenalty Kill
Chandler Stephenson, Nick Schmaltz, Barrett HaytonChandler Stephenson, Nick SchmaltzBarrett Hayton
Extra Defensemen
Normal PowerPlayPenalty Kill
Dysin Mayo, Kyle Capobianco, Martin FehervaryDysin Mayo, Kyle CapobiancoMartin Fehervary
Penalty Shots
Valeri Nichushkin, David Perron, Artturi Lehkonen, Boone Jenner, Brock Nelson
Goalie
Karel Vejmelka, Joseph Woll
Custom OT Lines Forwards
Valeri Nichushkin, David Perron, Artturi Lehkonen, Boone Jenner, Brock Nelson, Anders Lee, Chandler Stephenson, Nick Schmaltz, Barrett Hayton, Adam Fantilli
Custom OT Lines Defensemen
Brady Skjei, Bowen Byram, Martin Fehervary, Patrik Nemeth, Dysin Mayo
Scratches
Barclay Goodrow (Healthy), Lars Eller (Healthy), Tyler Johnson (Healthy)


Play-by-Play

1st period


0:01 of 1st period - Brayden Point wins face-off versus Boone Jenner in neutral zone.
0:16 of 1st period - Snap shot by Boone Jenner.
0:16 of 1st period - Stopped by John Gibson with a rebound.
0:26 of 1st period - Charlie McAvoy is hit by Artturi Lehkonen and loses puck.
0:51 of 1st period - Icing by Artturi Lehkonen.
0:52 of 1st period - Brock Nelson wins face-off versus Nicolas Roy in Islanders zone.
2:17 of 1st period - Ilya Mikheyev is hit by Dysin Mayo and loses puck.
2:34 of 1st period - Snap shot by Brock Nelson.
2:34 of 1st period - Shot Misses the Net.
2:36 of 1st period - Wrist shot by Artturi Lehkonen.
2:36 of 1st period - Stopped by John Gibson with a rebound.
2:50 of 1st period - Wrist shot by Artturi Lehkonen.
2:50 of 1st period - Deflect By Anders Lee.
2:50 of 1st period - Stopped by John Gibson with a rebound.
2:52 of 1st period - Wrist shot by Anders Lee.
2:52 of 1st period - Shot Blocked by Artem Zub.
3:10 of 1st period - Wrist shot by Artturi Lehkonen.
3:10 of 1st period - Shot Misses the Net.
3:12 of 1st period - Wrist shot by Anders Lee.
3:12 of 1st period - Shot Misses the Net.
3:14 of 1st period - Slapshot by Brock Nelson.
3:14 of 1st period - Deflect By Anders Lee.
3:14 of 1st period - Goal by Anders Lee - Red Wings : 0 - Islanders : 1.
3:15 of 1st period - Chandler Stephenson wins face-off versus Nicolas Roy in neutral zone.
4:39 of 1st period - Snap shot by Brayden Point.
4:39 of 1st period - Shot Misses the Net.
4:41 of 1st period - Wrist shot by Logan Couture.
4:41 of 1st period - Shot Blocked by Patrik Nemeth.
5:51 of 1st period - Logan Couture is hit by Barrett Hayton and loses puck.
6:11 of 1st period - Anders Lee is hit by Artem Zub and loses puck.
6:33 of 1st period - Luke Evangelista is hit by Brady Skjei and loses puck.
6:46 of 1st period - Valeri Nichushkin is hit by Jordan Greenway.
7:07 of 1st period - Icing by Samuel Honzek.
7:08 of 1st period - Brayden Point wins face-off versus Barrett Hayton in Red Wings zone.
7:15 of 1st period - Snap shot by Drake Batherson.
7:15 of 1st period - Deflect By Logan Couture.
7:15 of 1st period - Shot Blocked by Nick Bonino.
7:15 of 1st period - Puck is out of play.
7:16 of 1st period - Luke Evangelista wins face-off versus Nick Schmaltz in Islanders zone.
7:24 of 1st period - Snap shot by Nick Schmaltz.
7:24 of 1st period - Stopped by John Gibson with a rebound.
7:30 of 1st period - Snap shot by Nick Schmaltz.
7:30 of 1st period - Stopped by John Gibson with a rebound.
7:53 of 1st period - Wrist shot by David Perron.
7:53 of 1st period - Shot Misses the Net.
8:28 of 1st period - Slapshot by Charlie McAvoy.
8:28 of 1st period - Shot Misses the Net.
8:30 of 1st period - Slapshot by Torey Krug.
8:30 of 1st period - Stopped by Karel Vejmelka with a rebound.
8:32 of 1st period - Slapshot by Travis Hamonic.
8:32 of 1st period - Stopped by Karel Vejmelka without a rebound.
8:33 of 1st period - Nicolas Roy wins face-off versus Chandler Stephenson in Islanders zone.
8:34 of 1st period - Slapshot by Daniel Sprong.
8:34 of 1st period - Stopped by Karel Vejmelka with a rebound.
8:36 of 1st period - Snap shot by Daniel Sprong.
8:36 of 1st period - Shot Misses the Net.
8:38 of 1st period - Wrist shot by Nicolas Roy.
8:38 of 1st period - Shot Misses the Net.
8:40 of 1st period - Snap shot by Daniel Sprong.
8:40 of 1st period - Stopped by Karel Vejmelka without a rebound.
8:41 of 1st period - Nicolas Roy wins face-off versus Adam Fantilli in Islanders zone.
8:41 of 1st period - Nicolas Roy is hit by Martin Fehervary.
8:43 of 1st period - Wrist shot by Daniel Sprong.
8:43 of 1st period - Deflect By Luke Evangelista.
8:43 of 1st period - Shot Misses the Net.
8:43 of 1st period - Puck is out of play.
8:44 of 1st period - Brayden Point wins face-off versus Chandler Stephenson in Islanders zone.
8:53 of 1st period - Wrist shot by Brayden Point.
8:53 of 1st period - Stopped by Karel Vejmelka without a rebound.
8:54 of 1st period - Brayden Point wins face-off versus Chandler Stephenson in Islanders zone.
9:31 of 1st period - Wrist shot by Nick Schmaltz.
9:31 of 1st period - Shot Misses the Net.
9:43 of 1st period - Snap shot by Adam Fantilli.
9:43 of 1st period - Stopped by John Gibson with a rebound.
9:53 of 1st period - Slapshot by Brayden Point.
9:53 of 1st period - Shot Blocked by Brady Skjei.
10:17 of 1st period - Snap shot by Drake Batherson.
10:17 of 1st period - Deflect By Brayden Point.
10:17 of 1st period - Shot Hit the Post.
10:17 of 1st period - Puck is out of play.
10:18 of 1st period - Boone Jenner wins face-off versus Nicolas Roy in Islanders zone.
10:18 of 1st period - Boone Jenner is hit by Matt Benning.
10:48 of 1st period - Matt Benning is hit by Brock Nelson and loses puck.
11:13 of 1st period - Wrist shot by Barrett Hayton.
11:13 of 1st period - Shot Misses the Net.
11:15 of 1st period - Snap shot by Barrett Hayton.
11:15 of 1st period - Shot Misses the Net.
11:17 of 1st period - Slapshot by Nick Bonino.
11:17 of 1st period - Shot Misses the Net.
11:27 of 1st period - Valeri Nichushkin is hit by Nicolas Roy and loses puck.
11:44 of 1st period - Kevin Hayes is hit by Artturi Lehkonen and loses puck.
13:07 of 1st period - Wrist shot by Ilya Mikheyev.
13:07 of 1st period - Shot Misses the Net.
13:47 of 1st period - Snap shot by Luke Evangelista.
13:47 of 1st period - Stopped by Karel Vejmelka without a rebound.
13:48 of 1st period - Barrett Hayton wins face-off versus Kevin Hayes in Islanders zone.
13:48 of 1st period - Barrett Hayton is hit by Charlie McAvoy.
13:59 of 1st period - Slapshot by Barrett Hayton.
13:59 of 1st period - Stopped by John Gibson without a rebound.
14:00 of 1st period - Boone Jenner wins face-off versus Nicolas Roy in Red Wings zone.
14:10 of 1st period - David Perron and Travis Hamonic fight to a draw.
14:10 of 1st period - Penalty to David Perron for Fighting.
14:10 of 1st period - Penalty to Travis Hamonic for Fighting.
14:11 of 1st period - Nicolas Roy wins face-off versus Boone Jenner in Islanders zone.
14:26 of 1st period - Snap shot by Nicolas Roy.
14:26 of 1st period - Shot Misses the Net.
15:02 of 1st period - Snap shot by Ilya Mikheyev.
15:02 of 1st period - Stopped by Karel Vejmelka with a rebound.
15:42 of 1st period - Minor Penalty to Mario Ferraro for Holding.
15:43 of 1st period - Boone Jenner wins face-off versus Brayden Point in Red Wings zone.
17:42 of 1st period - Penalty to Mario Ferraro is over, Mario Ferraro is back on ice.
18:14 of 1st period - Kyle Capobianco is hit by Torey Krug and loses puck.
18:34 of 1st period - Wrist shot by Nick Schmaltz.
18:34 of 1st period - Shot Blocked by Ilya Mikheyev.
18:36 of 1st period - Wrist shot by Adam Fantilli.
18:36 of 1st period - Shot Blocked by Kevin Hayes.
19:31 of 1st period - Nick Bonino is hit by Logan Couture and loses puck.
Goals for this period are 0 for Red Wings vs 1 for Islanders.
Shots for this period are 7 for Red Wings vs 8 for Islanders.

2nd period


0:01 of 2nd period - Brock Nelson wins face-off versus Kevin Hayes in neutral zone.
0:06 of 2nd period - Wrist shot by Anders Lee.
0:06 of 2nd period - Stopped by John Gibson without a rebound.
0:07 of 2nd period - Brock Nelson wins face-off versus Kevin Hayes in Red Wings zone.
0:12 of 2nd period - Snap shot by Artturi Lehkonen.
0:12 of 2nd period - Stopped by John Gibson with a rebound.
0:44 of 2nd period - Wrist shot by Ryan Johansen.
0:44 of 2nd period - Stopped by Karel Vejmelka without a rebound.
0:45 of 2nd period - Brayden Point wins face-off versus David Perron in Islanders zone.
0:45 of 2nd period - Drake Batherson is hit by Brady Skjei and loses puck.
1:00 of 2nd period - Slapshot by David Perron.
1:00 of 2nd period - Stopped by John Gibson with a rebound.
1:02 of 2nd period - Slapshot by Brady Skjei.
1:02 of 2nd period - Shot Blocked by Matt Benning.
1:12 of 2nd period - Adam Fantilli is hit by Travis Hamonic and loses puck.
1:28 of 2nd period - Artem Zub is hit by Brady Skjei and loses puck.
1:37 of 2nd period - Slapshot by Daniel Sprong.
1:37 of 2nd period - Shot Misses the Net.
1:45 of 2nd period - Slapshot by Chandler Stephenson.
1:45 of 2nd period - Stopped by John Gibson with a rebound.
1:47 of 2nd period - Snap shot by Nick Schmaltz.
1:47 of 2nd period - Shot Misses the Net.
1:49 of 2nd period - Slapshot by Brady Skjei.
1:49 of 2nd period - Shot Misses the Net.
1:51 of 2nd period - Slapshot by Bowen Byram.
1:51 of 2nd period - Stopped by John Gibson without a rebound.
1:52 of 2nd period - Boone Jenner wins face-off versus Drake Batherson in Red Wings zone.
1:53 of 2nd period - Snap shot by Valeri Nichushkin.
1:53 of 2nd period - Shot Blocked by Charlie McAvoy.
1:55 of 2nd period - Snap shot by Boone Jenner.
1:55 of 2nd period - Shot Misses the Net.
1:57 of 2nd period - Snap shot by Patrik Nemeth.
1:57 of 2nd period - Deflect By Charlie McAvoy.
1:57 of 2nd period - Stopped by John Gibson with a rebound.
1:59 of 2nd period - Snap shot by David Perron.
1:59 of 2nd period - Goal by David Perron - Red Wings : 0 - Islanders : 2.
2:00 of 2nd period - Kevin Hayes wins face-off versus Boone Jenner in neutral zone.
2:30 of 2nd period - Travis Hamonic is hit by Martin Fehervary and loses puck.
2:36 of 2nd period - Off-side.
2:37 of 2nd period - Adam Fantilli wins face-off versus Kevin Hayes in neutral zone.
2:44 of 2nd period - Snap shot by Ryan Johansen.
2:44 of 2nd period - Stopped by Karel Vejmelka with a rebound.
3:29 of 2nd period - Patrik Nemeth is hit by Nicolas Roy.
3:33 of 2nd period - Snap shot by Daniel Sprong.
3:33 of 2nd period - Stopped by Karel Vejmelka without a rebound.
3:34 of 2nd period - Chandler Stephenson wins face-off versus Kevin Hayes in Islanders zone.
3:34 of 2nd period - Chandler Stephenson is hit by Kevin Hayes.
3:50 of 2nd period - Snap shot by Ryan Johansen.
3:50 of 2nd period - Shot Blocked by Brady Skjei.
4:05 of 2nd period - Slapshot by Charlie McAvoy.
4:05 of 2nd period - Deflect By Luke Evangelista.
4:05 of 2nd period - Stopped by Karel Vejmelka without a rebound.
4:06 of 2nd period - Boone Jenner wins face-off versus Brayden Point in Islanders zone.
4:06 of 2nd period - Boone Jenner is hit by Drake Batherson.
4:16 of 2nd period - Snap shot by Drake Batherson.
4:16 of 2nd period - Shot Misses the Net.
4:18 of 2nd period - Wrist shot by Brayden Point.
4:18 of 2nd period - Shot Misses the Net.
4:32 of 2nd period - Nicolas Roy is hit by Anders Lee and loses puck.
4:37 of 2nd period - Snap shot by Artturi Lehkonen.
4:37 of 2nd period - Shot Misses the Net.
4:39 of 2nd period - Slapshot by Bowen Byram.
4:39 of 2nd period - Stopped by John Gibson with a rebound.
4:41 of 2nd period - Slapshot by Bowen Byram.
4:41 of 2nd period - Stopped by John Gibson with a rebound.
5:03 of 2nd period - Wrist shot by Kevin Hayes.
5:03 of 2nd period - Stopped by Karel Vejmelka without a rebound.
5:04 of 2nd period - Brock Nelson wins face-off versus Brayden Point in Islanders zone.
5:04 of 2nd period - Brock Nelson is hit by Brayden Point.
5:18 of 2nd period - Slapshot by Anders Lee.
5:18 of 2nd period - Shot Misses the Net.
5:20 of 2nd period - Slapshot by Patrik Nemeth.
5:20 of 2nd period - Deflect By Travis Hamonic.
5:20 of 2nd period - Stopped by John Gibson without a rebound.
5:21 of 2nd period - Kevin Hayes wins face-off versus Boone Jenner in Red Wings zone.
5:48 of 2nd period - Brock Nelson is hit by Matt Benning.
6:04 of 2nd period - Minor Penalty to Matt Benning for Tripping.
6:05 of 2nd period - Drake Batherson wins face-off versus Brock Nelson in Red Wings zone.
6:05 of 2nd period - Drake Batherson is hit by Anders Lee.
6:31 of 2nd period - David Perron is hit by Torey Krug and loses puck.
6:38 of 2nd period - Slapshot by Kevin Hayes.
6:38 of 2nd period - Shot Misses the Net.
6:40 of 2nd period - Backhand shot by Mario Ferraro.
6:40 of 2nd period - Stopped by Karel Vejmelka without a rebound.
6:41 of 2nd period - Brock Nelson wins face-off versus Drake Batherson in Islanders zone.
8:04 of 2nd period - Penalty to Matt Benning is over, Matt Benning is back on ice.
8:23 of 2nd period - Snap shot by Luke Evangelista.
8:23 of 2nd period - Shot Misses the Net.
8:33 of 2nd period - Matt Benning is hit by Barrett Hayton.
8:41 of 2nd period - Wrist shot by Samuel Honzek.
8:41 of 2nd period - Stopped by Karel Vejmelka with a rebound.
8:43 of 2nd period - Slapshot by Matt Benning.
8:43 of 2nd period - Stopped by Karel Vejmelka without a rebound.
8:44 of 2nd period - Nicolas Roy wins face-off versus Brock Nelson in Islanders zone.
9:53 of 2nd period - Snap shot by Barrett Hayton.
9:53 of 2nd period - Stopped by John Gibson with a rebound.
9:55 of 2nd period - Snap shot by Martin Fehervary.
9:55 of 2nd period - Shot Blocked by Philip Tomasino.
10:28 of 2nd period - Torey Krug is hit by Brock Nelson and loses puck.
10:45 of 2nd period - Snap shot by Chandler Stephenson.
10:45 of 2nd period - Stopped by John Gibson with a rebound.
10:47 of 2nd period - Snap shot by Nick Schmaltz.
10:47 of 2nd period - Shot Hit the Post.
10:49 of 2nd period - Slapshot by Nick Schmaltz.
10:49 of 2nd period - Stopped by John Gibson with a rebound.
10:51 of 2nd period - Slapshot by Brady Skjei.
10:51 of 2nd period - Stopped by John Gibson with a rebound.
11:27 of 2nd period - Snap shot by Daniel Sprong.
11:27 of 2nd period - Shot Misses the Net.
11:29 of 2nd period - Slapshot by Artem Zub.
11:29 of 2nd period - Stopped by Karel Vejmelka with a rebound.
11:31 of 2nd period - Slapshot by Artem Zub.
11:31 of 2nd period - Stopped by Karel Vejmelka with a rebound.
11:33 of 2nd period - Wrist shot by Nicolas Roy.
11:33 of 2nd period - Shot Misses the Net.
11:35 of 2nd period - Snap shot by Nicolas Roy.
11:35 of 2nd period - Shot Misses the Net.
12:06 of 2nd period - Off-side.
12:07 of 2nd period - Chandler Stephenson wins face-off versus Brayden Point in neutral zone.
12:33 of 2nd period - Artturi Lehkonen is hit by Matt Benning.
13:00 of 2nd period - Barrett Hayton is hit by Artem Zub and loses puck.
13:45 of 2nd period - Wrist shot by Nicolas Roy.
13:45 of 2nd period - Shot Blocked by Boone Jenner.
15:05 of 2nd period - Wrist shot by Valeri Nichushkin.
15:05 of 2nd period - Shot Blocked by Matt Benning.
15:07 of 2nd period - Minor Penalty to Travis Hamonic for High sticking.
15:08 of 2nd period - Boone Jenner wins face-off versus Drake Batherson in Red Wings zone.
15:43 of 2nd period - Wrist shot by Brock Nelson.
15:43 of 2nd period - Shot Misses the Net.
15:45 of 2nd period - Snap shot by Bowen Byram.
15:45 of 2nd period - Stopped by John Gibson without a rebound.
15:46 of 2nd period - Drake Batherson wins face-off versus Boone Jenner in Red Wings zone.
17:07 of 2nd period - Penalty to Travis Hamonic is over, Travis Hamonic is back on ice.
17:18 of 2nd period - Travis Hamonic is hit by Adam Fantilli and loses puck.
17:33 of 2nd period - Slapshot by Charlie McAvoy.
17:33 of 2nd period - Shot Misses the Net.
17:35 of 2nd period - Snap shot by Charlie McAvoy.
17:35 of 2nd period - Shot Blocked by Martin Fehervary.
17:37 of 2nd period - Slapshot by Torey Krug.
17:37 of 2nd period - Stopped by Karel Vejmelka without a rebound.
17:38 of 2nd period - Nicolas Roy wins face-off versus Barrett Hayton in Islanders zone.
17:43 of 2nd period - Slapshot by Daniel Sprong.
17:43 of 2nd period - Stopped by Karel Vejmelka with a rebound.
17:49 of 2nd period - Slapshot by Luke Evangelista.
17:49 of 2nd period - Shot Misses the Net.
18:08 of 2nd period - Minor Penalty to Ryan Johansen for Hooking.
18:09 of 2nd period - Drake Batherson wins face-off versus Brock Nelson in Red Wings zone.
18:18 of 2nd period - Snap shot by Brock Nelson.
18:18 of 2nd period - Deflect By Anders Lee.
18:18 of 2nd period - Shot Blocked by Brayden Point.
18:18 of 2nd period - Puck is out of play.
18:19 of 2nd period - Brayden Point wins face-off versus Brock Nelson in Red Wings zone.
18:27 of 2nd period - Icing by Anders Lee.
18:28 of 2nd period - Drake Batherson wins face-off versus Artturi Lehkonen in Islanders zone.
18:31 of 2nd period - Snap shot by Kevin Hayes.
18:31 of 2nd period - Shot Blocked by Bowen Byram.
18:33 of 2nd period - Slapshot by Charlie McAvoy.
18:33 of 2nd period - Stopped by Karel Vejmelka with a rebound.
18:35 of 2nd period - Snap shot by Torey Krug.
18:35 of 2nd period - Stopped by Karel Vejmelka without a rebound.
18:36 of 2nd period - Brayden Point wins face-off versus David Perron in Islanders zone.
18:51 of 2nd period - Snap shot by David Perron.
18:51 of 2nd period - Stopped by John Gibson without a rebound.
18:52 of 2nd period - Drake Batherson wins face-off versus Brock Nelson in Red Wings zone.
19:24 of 2nd period - Torey Krug is hit by Boone Jenner and loses puck.
Goals for this period are 0 for Red Wings vs 1 for Islanders.
Shots for this period are 14 for Red Wings vs 16 for Islanders.

3rd period


0:01 of 3rd period - Boone Jenner wins face-off versus Drake Batherson in neutral zone.
0:04 of 3rd period - Kevin Hayes is hit by Martin Fehervary.
0:08 of 3rd period - Penalty to Ryan Johansen is over, Ryan Johansen is back on ice.
0:10 of 3rd period - Snap shot by Boone Jenner.
0:10 of 3rd period - Stopped by John Gibson with a rebound.
0:26 of 3rd period - Nicolas Roy is hit by Artturi Lehkonen and loses puck.
0:57 of 3rd period - Slapshot by Torey Krug.
0:57 of 3rd period - Shot Blocked by Kyle Capobianco.
1:03 of 3rd period - Kyle Capobianco is hit by Charlie McAvoy and loses puck.
1:16 of 3rd period - Wrist shot by Barrett Hayton.
1:16 of 3rd period - Shot Blocked by Torey Krug.
1:18 of 3rd period - Wrist shot by Barrett Hayton.
1:18 of 3rd period - Stopped by John Gibson without a rebound.
1:19 of 3rd period - Boone Jenner wins face-off versus Kevin Hayes in Red Wings zone.
1:27 of 3rd period - Minor Penalty to Travis Hamonic for Tripping.
1:28 of 3rd period - Brock Nelson wins face-off versus Drake Batherson in Red Wings zone.
1:30 of 3rd period - Snap shot by Brock Nelson.
1:30 of 3rd period - Shot Blocked by Artem Zub.
1:32 of 3rd period - Slapshot by Patrik Nemeth.
1:32 of 3rd period - Deflect By Artturi Lehkonen.
1:32 of 3rd period - Stopped by John Gibson with a rebound.
1:44 of 3rd period - Wrist shot by Anders Lee.
1:44 of 3rd period - Stopped by John Gibson with a rebound.
2:24 of 3rd period - Snap shot by Drake Batherson.
2:24 of 3rd period - Stopped by Karel Vejmelka without a rebound.
2:25 of 3rd period - Brock Nelson wins face-off versus Drake Batherson in Islanders zone.
2:32 of 3rd period - Drake Batherson is hit by Brady Skjei and loses puck.
3:27 of 3rd period - Penalty to Travis Hamonic is over, Travis Hamonic is back on ice.
3:35 of 3rd period - Nick Schmaltz is hit by Luke Evangelista and loses puck.
3:40 of 3rd period - Snap shot by Nicolas Roy.
3:40 of 3rd period - Stopped by Karel Vejmelka without a rebound.
3:41 of 3rd period - Brock Nelson wins face-off versus Nicolas Roy in Islanders zone.
3:46 of 3rd period - Nicolas Roy is hit by Brock Nelson and loses puck.
4:10 of 3rd period - Off-side.
4:11 of 3rd period - Kevin Hayes wins face-off versus Chandler Stephenson in neutral zone.
4:24 of 3rd period - Slapshot by Chandler Stephenson.
4:24 of 3rd period - Shot Hit the Post.
4:26 of 3rd period - Snap shot by Nick Schmaltz.
4:26 of 3rd period - Stopped by John Gibson with a rebound.
4:57 of 3rd period - Snap shot by Kevin Hayes.
4:57 of 3rd period - Shot Blocked by Dysin Mayo.
4:59 of 3rd period - Snap shot by Kevin Hayes.
4:59 of 3rd period - Deflect By Ilya Mikheyev.
4:59 of 3rd period - Red Wings goal is going for a video replay.
4:59 of 3rd period - The goal is refused. The goalkeeper has been pushed into the net together with the puck after making a save..
5:00 of 3rd period - Boone Jenner wins face-off versus Brayden Point in Islanders zone.
5:15 of 3rd period - Slapshot by Bowen Byram.
5:15 of 3rd period - Shot Blocked by Drake Batherson.
6:09 of 3rd period - Jordan Greenway is hit by Boone Jenner and loses puck.
6:18 of 3rd period - Wrist shot by David Perron.
6:18 of 3rd period - Shot Blocked by Torey Krug.
6:34 of 3rd period - Wrist shot by Brayden Point.
6:34 of 3rd period - Shot Misses the Net.
6:57 of 3rd period - Slapshot by Torey Krug.
6:57 of 3rd period - Shot Blocked by Nick Schmaltz.
7:53 of 3rd period - Travis Hamonic is hit by Barrett Hayton and loses puck.
8:04 of 3rd period - Nick Bonino is hit by Travis Hamonic and loses puck.
8:34 of 3rd period - Off-side.
8:35 of 3rd period - Brayden Point wins face-off versus Boone Jenner in neutral zone.
8:40 of 3rd period - Snap shot by Brayden Point.
8:40 of 3rd period - Stopped by Karel Vejmelka without a rebound.
8:41 of 3rd period - Boone Jenner wins face-off versus Brayden Point in Islanders zone.
9:02 of 3rd period - Minor Penalty to Brady Skjei for Holding Stick.
9:03 of 3rd period - Brayden Point wins face-off versus Chandler Stephenson in Islanders zone.
9:06 of 3rd period - Slapshot by Drake Batherson.
9:06 of 3rd period - Shot Misses the Net.
9:08 of 3rd period - Snap shot by Torey Krug.
9:08 of 3rd period - Goal by Torey Krug - Red Wings : 1 - Islanders : 2.
9:09 of 3rd period - Brock Nelson wins face-off versus Brayden Point in neutral zone.
10:13 of 3rd period - Nick Schmaltz is hit by Matt Benning and loses puck.
10:26 of 3rd period - Slapshot by Charlie McAvoy.
10:26 of 3rd period - Shot Blocked by Bowen Byram.
11:03 of 3rd period - Off-side.
11:04 of 3rd period - Ilya Mikheyev wins face-off versus Boone Jenner in neutral zone.
11:07 of 3rd period - Slapshot by Ilya Mikheyev.
11:07 of 3rd period - Goal by Ilya Mikheyev - Red Wings : 2 - Islanders : 2.
11:08 of 3rd period - Chandler Stephenson wins face-off versus Kevin Hayes in neutral zone.
11:08 of 3rd period - Chandler Stephenson is hit by Ryan Johansen.
11:36 of 3rd period - Snap shot by Brayden Point.
11:36 of 3rd period - Deflect By Logan Couture.
11:36 of 3rd period - Stopped by Karel Vejmelka with a rebound.
11:38 of 3rd period - Backhand shot by Drake Batherson.
11:38 of 3rd period - Shot Misses the Net.
11:56 of 3rd period - Wrist shot by Samuel Honzek.
11:56 of 3rd period - Stopped by Karel Vejmelka without a rebound.
11:57 of 3rd period - Boone Jenner wins face-off versus Samuel Honzek in Islanders zone.
12:04 of 3rd period - Slapshot by Valeri Nichushkin.
12:04 of 3rd period - Deflect By Philip Tomasino.
12:04 of 3rd period - Stopped by John Gibson with a rebound.
12:26 of 3rd period - Snap shot by Brayden Point.
12:26 of 3rd period - Stopped by Karel Vejmelka with a rebound.
12:28 of 3rd period - Snap shot by Daniel Sprong.
12:28 of 3rd period - Stopped by Karel Vejmelka without a rebound.
12:29 of 3rd period - Chandler Stephenson wins face-off versus Nicolas Roy in Islanders zone.
12:29 of 3rd period - Nick Schmaltz is hit by Nicolas Roy and loses puck.
13:04 of 3rd period - Wrist shot by Kevin Hayes.
13:04 of 3rd period - Stopped by Karel Vejmelka with a rebound.
13:18 of 3rd period - Snap shot by Anders Lee.
13:18 of 3rd period - Stopped by John Gibson with a rebound.
13:20 of 3rd period - Wrist shot by Anders Lee.
13:20 of 3rd period - Stopped by John Gibson with a rebound.
13:22 of 3rd period - Wrist shot by Artturi Lehkonen.
13:22 of 3rd period - Shot Hit the Post.
13:24 of 3rd period - Slapshot by Bowen Byram.
13:24 of 3rd period - Stopped by John Gibson with a rebound.
13:26 of 3rd period - Snap shot by Artturi Lehkonen.
13:26 of 3rd period - Stopped by John Gibson with a rebound.
13:38 of 3rd period - Wrist shot by Adam Fantilli.
13:38 of 3rd period - Shot Blocked by Torey Krug.
13:52 of 3rd period - Martin Fehervary is hit by Drake Batherson and loses puck.
14:13 of 3rd period - Wrist shot by David Perron.
14:13 of 3rd period - Stopped by John Gibson with a rebound.
14:33 of 3rd period - Snap shot by Anders Lee.
14:33 of 3rd period - Shot Blocked by Torey Krug.
16:01 of 3rd period - Wrist shot by Valeri Nichushkin.
16:01 of 3rd period - Shot Misses the Net.
16:48 of 3rd period - Slapshot by Adam Fantilli.
16:48 of 3rd period - Deflect By Nick Schmaltz.
16:48 of 3rd period - Deflect By Kevin Hayes.
16:48 of 3rd period - Shot Blocked by Travis Hamonic.
16:48 of 3rd period - Puck is out of play.
16:49 of 3rd period - Kevin Hayes wins face-off versus Chandler Stephenson in Red Wings zone.
17:06 of 3rd period - Kyle Capobianco is hit by Nicolas Roy and loses puck.
17:21 of 3rd period - Snap shot by Nick Schmaltz.
17:21 of 3rd period - Stopped by John Gibson without a rebound.
17:22 of 3rd period - Nick Schmaltz wins face-off versus Drake Batherson in Red Wings zone.
17:46 of 3rd period - Icing by Mario Ferraro.
17:47 of 3rd period - Boone Jenner wins face-off versus Brayden Point in Red Wings zone.
17:51 of 3rd period - Icing by Logan Couture.
17:52 of 3rd period - Brayden Point wins face-off versus Boone Jenner in Red Wings zone.
17:59 of 3rd period - Wrist shot by Boone Jenner.
17:59 of 3rd period - Shot Misses the Net.
18:06 of 3rd period - Off-side.
18:07 of 3rd period - Chandler Stephenson wins face-off versus Nicolas Roy in neutral zone.
18:16 of 3rd period - Slapshot by Nick Schmaltz.
18:16 of 3rd period - Shot Misses the Net.
18:18 of 3rd period - Slapshot by Adam Fantilli.
18:18 of 3rd period - Shot Blocked by Travis Hamonic.
18:32 of 3rd period - Travis Hamonic is hit by Valeri Nichushkin and loses puck.
18:55 of 3rd period - Slapshot by Anders Lee.
18:55 of 3rd period - Deflect By Artem Zub.
18:55 of 3rd period - Shot Misses the Net.
18:55 of 3rd period - Puck is out of play.
18:56 of 3rd period - Kevin Hayes wins face-off versus Brock Nelson in Red Wings zone.
18:56 of 3rd period - Kevin Hayes is hit by Dysin Mayo.
19:06 of 3rd period - Snap shot by Ryan Johansen.
19:06 of 3rd period - Shot Blocked by Kyle Capobianco.
19:08 of 3rd period - Slapshot by Matt Benning.
19:08 of 3rd period - Deflect By Brock Nelson.
19:08 of 3rd period - Stopped by Karel Vejmelka with a rebound.
19:19 of 3rd period - Minor Penalty to Travis Hamonic for Holding.
19:20 of 3rd period - Brock Nelson wins face-off versus Drake Batherson in Red Wings zone.
19:45 of 3rd period - Patrik Nemeth is hit by Kevin Hayes and loses puck.
19:54 of 3rd period - Boone Jenner is hit by Charlie McAvoy and loses puck.
Goals for this period are 2 for Red Wings vs 0 for Islanders.
Shots for this period are 12 for Red Wings vs 12 for Islanders.

Overtime #1


0:01 of 1st overtime period - Brayden Point wins face-off versus Valeri Nichushkin in neutral zone.
0:14 of 1st overtime period - Slapshot by Charlie McAvoy.
0:14 of 1st overtime period - Shot Blocked by David Perron.
0:30 of 1st overtime period - Snap shot by Artturi Lehkonen.
0:30 of 1st overtime period - Stopped by John Gibson without a rebound.
0:31 of 1st overtime period - Logan Couture wins face-off versus Artturi Lehkonen in Red Wings zone.
1:02 of 1st overtime period - Slapshot by Artturi Lehkonen.
1:02 of 1st overtime period - Shot Blocked by Brayden Point.
1:04 of 1st overtime period - Slapshot by Artturi Lehkonen.
1:04 of 1st overtime period - Shot Misses the Net.
1:06 of 1st overtime period - Snap shot by Martin Fehervary.
1:06 of 1st overtime period - Shot Blocked by Artem Zub.
1:08 of 1st overtime period - Snap shot by Martin Fehervary.
1:08 of 1st overtime period - Shot Misses the Net.
1:10 of 1st overtime period - Backhand shot by Patrik Nemeth.
1:10 of 1st overtime period - Shot Blocked by Mario Ferraro.
1:19 of 1st overtime period - Penalty to Travis Hamonic is over, Travis Hamonic is back on ice.
1:44 of 1st overtime period - Snap shot by Travis Hamonic.
1:44 of 1st overtime period - Shot Blocked by Martin Fehervary.
1:58 of 1st overtime period - Snap shot by Artturi Lehkonen.
1:58 of 1st overtime period - Goal by Artturi Lehkonen - Red Wings : 2 - Islanders : 3.
Goals for this period are 0 for Red Wings vs 1 for Islanders.
Shots for this period are 0 for Red Wings vs 2 for Islanders.